AoeStats
← ska_18

Black Forest

509347783Analyzed
3v3 RM · 4d ago on Sep 26, 2026· 53m 12s· 6 players
Game mode
Random Map
Map size
Normal (6 player)
Population
200
Speed
Normal
Resources
Standard
Victory
Conquest
Starting age
Dark Age
Ending age
Imperial Age
RankedLock teamsTeams togetherTeam positionsShared explorationLock speedFull tech treeHidden civsTurbo modeCheats
Victory
Defeat
🇦🇹 Saracens · Austria
884
+15
🇪🇸 Khmer · Spain
850
+16
🇩🇪 Teutons · Germany
837
+17
🇪🇸 Celts · Spain
889
-18
🇮🇳 Khmer · India
852
-29
🇮🇹 Romans · Italy
809
-14
Conde Rubio
1:57 Loom
14:57 Feudal Age
15:29 Double-Bit Axe
16:26 Wheelbarrow
16:50 Horse Collar
22:32 Castle Age
23:51 Husbandry
24:02 Bloodlines
24:33 Bow Saw
25:35 Hand Cart
26:29 Light Cavalry
28:44 Heavy Plow
35:27 Imperial Age
36:58 Onager
38:59 Hussar
40:29 Conscription
39:39 Pikeman
40:05 Arson
40:19 Halberdier
41:59 Forging
41:50 Scale Mail Armor
41:55 Scale Barding Armor
44:33 Iron Casting
44:13 Chain Mail Armor
45:53 Elite Battle Elephant
50:51 Blast Furnace
50:12 Chain Barding Armor
50:45 Caravan
51:15 Coinage
51:44 Town Watch
Luca214405
0:28 Loom
15:17 Feudal Age
16:37 Wheelbarrow
15:46 Horse Collar
15:55 Double-Bit Axe
16:05 Stone Mining
17:04 Gold Mining
18:07 Man-at-Arms
22:19 Town Watch
22:43 Arson
26:16 Castle Age
24:52 Fletching
27:25 Heavy Plow
27:37 Bow Saw
27:59 Hand Cart
27:46 Bodkin Arrow
28:27 Scale Mail Armor
27:51 Pikeman
29:12 Elite Skirmisher
33:47 Stone Shaft Mining
37:01 Chain Mail Armor
36:46 Padded Archer Armor
42:10 Imperial Age
40:54 Caravan
43:07 Leather Archer Armor
43:24 Plate Mail Armor
43:00 Scale Barding Armor
43:11 Leather Archer Armor
44:04 Chemistry
42:32 Cavalier
45:44 Crop Rotation
47:46 Two-Man Saw
48:24 Siege Engineers
50:17 Elite Teutonic Knight
52:10 Halberdier
ska_18
1:11 Loom
12:29 Feudal Age
18:51 Castle Age
17:23 Double-Bit Axe
18:06 Fishing Lines
22:11 Wheelbarrow
22:43 Bow Saw
23:06 Horse Collar
23:22 Gillnets
24:09 Town Watch
26:24 Hand Cart
26:03 Gold Mining
26:12 Stone Mining
28:11 Fervor
28:12 Heavy Plow
28:49 Gold Shaft Mining
29:39 Sanctity
30:21 Forging
30:16 Scale Barding Armor
30:02 Fletching
34:56 Imperial Age
33:35 Iron Casting
33:21 Chain Barding Armor
32:56 Bodkin Arrow
34:09 Murder Holes
34:25 Fortified Wall
35:18 Town Patrol
35:30 Masonry
35:26 Caravan
35:57 Coinage
36:49 Chemistry
36:13 Conscription
36:05 Bloodlines
35:16 Light Cavalry
36:03 Husbandry
37:57 Two-Man Saw
37:40 Bimaristan
38:07 Hoardings
38:26 Siege Engineers
38:43 Ballistics
38:57 Elite Mameluke
41:23 Coinage
43:30 Devotion
44:34 Blast Furnace
44:10 Plate Barding Armor
43:37 Bracer
43:01 Hussar
44:06 Guard Tower
44:01 Arrowslits
43:43 Heavy Camel Rider
44:27 Scale Mail Armor
43:49 Pikeman
44:15 Gambesons
44:30 Squires
44:16 Arson
45:18 Banking
46:09 Keep
46:29 Medium Warships
45:40 Elite Cannon Galleon
50:37 Chain Mail Armor
Canovaking
13:18 Feudal Age
11:35 Loom
14:59 Wheelbarrow
14:09 Town Watch
14:06 Horse Collar
14:14 Double-Bit Axe
17:23 Man-at-Arms
18:56 Gold Mining
20:29 Stone Mining
21:09 Scale Mail Armor
21:20 Forging
24:15 Castle Age
25:13 Hand Cart
25:37 Gold Shaft Mining
25:36 Bow Saw
25:51 Heavy Plow
28:47 Chain Mail Armor
29:07 Iron Casting
28:35 Padded Archer Armor
28:31 Fletching
28:55 Town Patrol
30:26 Long Swordsman
33:29 Leather Archer Armor
33:10 Bodkin Arrow
39:41 Ballistas
39:36 Elite Skirmisher
39:40 Pikeman
40:20 Squires
42:33 Caravan
46:19 Imperial Age
46:35 Legionary
46:41 Halberdier
46:45 Heavy Scorpion
ImperialShadow
0:27 Loom
0:35 Loom
11:44 Feudal Age
21:02 Castle Age
19:27 Double-Bit Axe
19:42 Gold Mining
20:14 Stone Mining
20:33 Horse Collar
20:39 Fishing Lines
22:40 Bow Saw
25:46 Wheelbarrow
27:40 Hand Cart
28:03 Heavy Plow
29:23 Forging
28:42 Pikeman
32:20 Iron Casting
31:46 Scale Mail Armor
31:50 Arson
35:48 Chain Mail Armor
40:02 Imperial Age
40:05 Heavy Scorpion
40:10 Halberdier
41:24 Plate Mail Armor
41:54 Blast Furnace
42:39 Furor Celtica
48:50 Conscription
NovelAcorn8809
4:02 Loom
15:59 Feudal Age
17:34 Town Watch
18:25 Wheelbarrow
22:15 Bloodlines
26:01 Castle Age
29:13 Hand Cart
28:59 Town Patrol
29:12 Husbandry
29:28 Husbandry
47:00 Caravan
Connection lost

Rejoining the realm…

Still unreachable

The connection could not be restored.

Session expired

The server has moved on; the page needs a fresh start.